AoeStats
← plouga

Pilgrims

510259480Analyzed
4v4 RM · 20h ago on Sep 30, 2026· 32m 52s· 8 players
Game mode
Random Map
Map size
Large (8 player)
Population
200
Speed
Normal
Resources
Standard
Victory
Conquest
Starting age
Dark Age
Ending age
Imperial Age
RankedLock teamsTeams togetherTeam positionsShared explorationLock speedFull tech treeHidden civsTurbo modeCheats
Victory
Defeat
🇵🇪 Inca · Peru
833
+9
672
+15
🇵🇪 Franks · Peru
548
+20
🇺🇸 Bohemians · United States
517
+21
🇲🇽 Britons · Mexico
700
-18
🇲🇽 Burgundians · Mexico
671
-17
🇨🇦 Gurjaras · Canada
631
-16
🇺🇸 Celts · United States
603
-14
owen and marlon
10:30 Loom
18:30 Feudal Age
20:10 Double-Bit Axe
21:13 Fishing Lines
25:13 Wheelbarrow
27:03 Town Watch
31:46 Castle Age
K1NGlogman
16:48 Feudal Age
17:32 Horse Collar
17:39 Double-Bit Axe
23:14 Castle Age
22:12 Loom
25:43 Heavy Plow
25:56 Bow Saw
TWT
5:45 Loom
14:51 Feudal Age
16:45 Wheelbarrow
20:48 Fletching
checoc
2:47 Wheelbarrow
1:58 Loom
10:15 Fishing Lines
16:53 Feudal Age
15:59 Double-Bit Axe
19:26 Bow Saw
20:07 Hand Cart
20:03 Gillnets
25:51 Town Watch
plouga
4:19 Loom
13:11 Feudal Age
13:39 Fishing Lines
13:52 Double-Bit Axe
13:52 Horse Collar
15:57 Wheelbarrow
16:05 Town Watch
22:34 Castle Age
21:43 Scale Barding Armor
23:57 Bow Saw
23:50 Heavy Plow
27:34 Hand Cart
31:24 Town Patrol
lycandros
13:17 Feudal Age
12:23 Loom
14:24 Man-at-Arms
15:49 Wheelbarrow
15:51 Fishing Lines
18:57 Double-Bit Axe
25:45 Castle Age
27:20 Wheelbarrow
27:55 Crossbowman
28:06 Elite Skirmisher
32:05 Hand Cart
爱蜜莉娅天使来到我身边
14:29 Feudal Age
14:50 Loom
15:49 Town Watch
18:05 Wheelbarrow
23:44 Castle Age
22:21 Double-Bit Axe
26:10 Fletching
27:41 Scale Mail Armor
27:57 Forging
28:34 Bow Saw
28:55 Fishing Lines
30:02 Arson
30:03 Gambesons
30:24 Squires
30:44 Chain Mail Armor
32:37 Gillnets
war_xtreme
5:23 Loom
17:43 Feudal Age
20:10 Double-Bit Axe
20:07 Horse Collar
21:17 Padded Archer Armor
21:08 Fletching
22:42 Gold Mining
25:52 Castle Age
25:24 Stone Mining
25:26 Arson
27:19 Wheelbarrow
27:52 Leather Archer Armor
28:56 Town Watch
30:04 Bodkin Arrow
30:14 Heavy Plow
32:20 Andean Sling
33:12 Town Patrol
Connection lost

Rejoining the realm…

Still unreachable

The connection could not be restored.

Session expired

The server has moved on; the page needs a fresh start.